 Dungeon Crawl Stone Soup version 0.20-a0-1078-g4874019 (webtiles) character file.

1360 JeffiDaFish the Covered (level 8, -9/49 HPs)
             Began as a Gargoyle Fighter on Apr 30, 2017.
             Mangled by an orc warrior
             ... wielding a +0 halberd
              (21 damage)
             ... on level 6 of the Dungeon.
             The game lasted 00:09:48 (5099 turns).

JeffiDaFish the Covered (Gargoyle Fighter)          Turns: 5099, Time: 00:09:49

Health: -9/49      AC: 18    Str: 19    XL:     8   Next: 64%
Magic:  8/8        EV:  4    Int:  8    God:
Gold:   201        SH: 10    Dex: 11    Spells: 7/7 levels left

rFire    + . .     SeeInvis .   a - +0 flail
rCold    . . .     Gourm    .   c - +0 shield
rNeg     + . .     Faith    .   o - +0 plate armour
rPois    ∞         Spirit   .   (no helmet)
rElec    +         Reflect  .   (no cloak)
rCorr    .         Harm     .   (no gloves)
MR       +....                  (no boots)
Stlth    ..........             r - amulet of regeneration
Regen    0.6/turn               (no ring)
MPRegen  0.2/turn               s - ring of protection from fire

@: no status effects
A: magic resistance 1, negative energy resistance 1, electricity resistance,
weak 1, unbreathing, petrification resistance, no potion heal 1, rot immunity,
subdued magic 1, AC +5
a: no special abilities


You were on level 6 of the Dungeon.
You were hungry.

You visited 1 branch of the dungeon, and saw 6 of its levels.
You also visited: Sewer.

You collected 201 gold pieces.

Inventory:

Hand Weapons
 a - a +0 flail (weapon)
Armour
 c - a +0 shield (worn)
 o - a +0 plate armour (worn)
Jewellery
 r - an amulet of regeneration (around neck)
 s - a ring of protection from fire (right hand)
Wands
 p - a wand of acid (4/15)
Scrolls
 i - 2 scrolls of teleportation
 k - 3 scrolls of identify
 n - 2 scrolls of remove curse
 q - a scroll of magic mapping
 u - a scroll of fear
Potions
 d - 2 potions of might
 e - 3 potions of agility
 h - a potion of ambrosia
 l - a potion of haste
 m - 3 potions of curing
Comestibles
 b - 2 meat rations
 f - 3 bread rations
 j - 4 fruits


   Skills:
 + Level 5.3 Fighting
 + Level 6.2 Maces & Flails
 + Level 6.4 Armour
 + Level 1.3 Dodging
 + Level 0.5 Stealth
 + Level 6.3 Shields


You had 7 spell levels left.
You didn't know any spells.

Dungeon Overview and Level Annotations

Branches:
Dungeon (6/15)
 Temple: D:4-7

Altars:
The Shining One

Shops:
D:5 *


Innate Abilities, Weirdness & Mutations

You are resistant to torment.
Your stone body is resilient. (AC +5)
You are immune to poison.
You resist negative energy. (rN+)
You are resistant to electric shocks. (rElec)
You can survive without breathing.
You are immune to petrification.
You are immune to rotting.
You are resistant to hostile enchantments. (MR+)
You are weak. (Str -2)
Potions are less effective at restoring your health.
Your spells are a little easier to cast, but a little less powerful.


Message History

You block the orc's attack. You block the orc's attack.
The orc warrior hits you but does no damage.
You hit the orc warrior but do no damage.
You block the jackal's attack. The orc hits you but does no damage.
The orc warrior hits you but does no damage.
The jackal bites you but does no damage.
The orc hits you but does no damage.
You hit the orc warrior.
The orc warrior is lightly wounded.
The jackal bites you but does no damage.
You block the orc's attack.
The orc warrior hits you but does no damage.
You block the orc's attack.
Your shield and plate armour prevent you from hitting the orc warrior.
The orc warrior is lightly wounded.
The jackal bites you but does no damage.
You block the orc's attack. You block the jackal's attack.
The orc warrior hits you with a halberd!!
You die...

..............h.....+............
#...>......#.##.##.##.(.##.<..#.#
###.###.##.#.##.##.##...##....# #
#.# #..........#.##...##....#
#.###.##.#.##..#.##...##....#
#.##.............##...##....#
###:###.##.....o.[.............
#.......##.###.#o#.########...##
^#########..##.#@#.########...#
#..)..#h#.#........
#######.##.)oo...#######
........####.#...# #######.#
#.#...# #...####.#...#
###.#..........# #...#.####.##...
#.###.####.###.##


You could see an orc warrior, 3 orcs and a jackal.

Vanquished Creatures
  A hungry ghost (D:5)
  An ogre (D:6)
  A necrophage (D:5)
  A centaur (D:5)
  A bullfrog (D:4)
  A scorpion (D:5)
  3 howler monkeys
  A crimson imp (D:6)
  2 bullfrog zombies (D:5)
  3 hounds
  A bullfrog skeleton (D:5)
  2 centaur skeletons
  An orc wizard (D:4)
  3 iguanas (D:5)
  6 worker ants
  4 gnolls (D:5)
  A river rat (D:3)
  5 adders
  6 oozes
  2 adder skeletons (D:5)
  2 worms (D:3)
  A dart slug (D:1)
  A leopard gecko (D:1)
  5 orcs
  8 bats
  7 giant cockroaches
  6 goblins
  7 hobgoblins
  10 jackals
  2 quokkas
  7 ball pythons
  8 frilled lizards
  11 kobolds
  A quokka skeleton (D:4)
  12 rats
134 creatures vanquished.

Vanquished Creatures (others)
  2 plants (Sewer)
2 creatures vanquished.

Grand Total: 136 creatures vanquished

Notes
Turn   | Place    | Note
-------+----------+-------------------------------------------
     0 | D:1      | JeffiDaFish the Gargoyle Fighter began the quest for the Orb.
     0 | D:1      | Reached XP level 1. HP: 14/14 MP: 1/1
   178 | D:1      | Reached XP level 2. HP: 19/19 MP: 2/2
   347 | D:1      | Gained mutation: Your spells are a little easier to cast, but a little less powerful. [potion of mutation]
   347 | D:1      | Gained mutation: Potions are less effective at restoring your health. [potion of mutation]
   347 | D:1      | Gained mutation: You are weak. (Str -2) [potion of mutation]
   347 | D:1      | Gained mutation: You are resistant to hostile enchantments. (MR+) [potion of mutation]
   881 | D:2      | Reached XP level 3. HP: 20/23 MP: 3/3
  1211 | D:2      | Reached XP level 4. HP: 29/29 MP: 4/4
  1399 | D:3      | Found a glowing golden altar of the Shining One.
  1434 | D:3      | Reached skill level 1 in Dodging
  1445 | D:3      | Found a glowing drain.
  1453 | Sewer    | Entered a sewer
  2165 | Sewer    | Reached XP level 5. HP: 29/33 MP: 5/5
  3217 | D:3      | Reached XP level 6. HP: 35/38 MP: 6/6
  3639 | D:4      | Reached skill level 5 in Shields
  3639 | D:4      | Reached XP level 7. HP: 27/44 MP: 7/7
  3857 | D:5      | Entered Level 5 of the Dungeon
  3927 | D:5      | Reached skill level 5 in Maces & Flails
  3927 | D:5      | Reached skill level 5 in Armour
  4314 | D:5      | Reached XP level 8. HP: 48/48 MP: 8/8
  4671 | D:5      | Found Namienk's Assorted Antiques.
  4788 | D:5      | Reached skill level 5 in Fighting
  5003 | D:6      | Identified Qitomu's Papyrus of the Shifting Arsonist
  5099 | D:6      | Mangled by an orc warrior

Vault maps used:
D:1:      dpeg_arrival_fog
D:2:      first_bread, grunt_ministairs_11
D:3:      tso_oasis_becter, portal_sewer_entry_b
D:5:      serial_shops, nicolae_shop_waterfront, minmay_bent
D:6:      marbit_many_paths, uniq_crazy_yiuf_cottage
Sewer:    sewer_co_scattered_pipes

Skill      XL: |  1  2  3  4  5  6  7  8 |
---------------+-------------------------+-----
Shields        | 4 5 6 |  6.3
Dodging        | 1 |  1.3
Maces & Flails | 3 4 5 6 |  6.2
Armour         | 4 5 6 |  6.4
Fighting       | 4 5 |  5.3
Stealth        | |  0.5

Action                   |  1- 3 |  4- 6 |  7- 9 || total
-------------------------+-------+-------+-------++-------
Melee: Flail             |   136 |   379 |   331 ||   846
  Use: Potion            |     5 |     3 |       ||     8
       Scroll            |     5 |     3 |     3 ||    11
  Eat: Chunk             |     1 |     9 |    11 ||    21
       Meat ration       |       |       |     1 ||     1
       Bread ration      |       |       |     1 ||     1
Armor: Scale mail        |    48 |       |       ||    48
       Chain mail        |    26 |   291 |       ||   317
       Plate armour      |       |     7 |   223 ||   230
Dodge: Dodged            |    54 |    91 |    42 ||   187
Block: Shield            |    79 |   204 |   184 ||   467
